MID
QUAD CITIES RIVER BANDITS @ CLINTON LUMBERKINGS
08/24/2049
 
TOP OF THE 1ST
Quad Cities River Bandits batting - Pitching for Clinton LumberKings : LHP Andy Mathis
Pitching: LHP Andy Mathis
Batting: RHB Sean Mounts 0-0: Called Strike
0-1: Swinging Strike
0-2: Strikes out swinging
Batting: RHB Omar Amaya 0-0: Called Strike
0-1: Ball
1-1: Ball
2-1: Foul Ball, location: 2F
2-2: Foul Ball, location: 2F
2-2: Foul Ball, location: 2F
2-2: SINGLE (Groundball, 5S, EV 66.2 MPH) (infield hit)
Batting: RHB Xavier Castaneda 0-0: Ball
1-0: Ball
Omar Amaya steals 2nd base
2-0: SINGLE (Groundball, 34D, EV 105.6 MPH)
Omar Amaya to third
Batting: RHB Andrew Pride 0-0: Ball
1-0: Swinging Strike
1-1: Called Strike
1-2: Ball
2-2: Strikes out swinging
Batting: LHB Tomas de Zeeuw 0-0: Called Strike
0-1: Ball
1-1: DOUBLE (Line Drive, 5D, EV 95.6 MPH)
Omar Amaya scores
Xavier Castaneda to third
Runner from 3rd tries for Home, throw by LF and OUT! 7-6-2
Top of the 1st over - 1 run, 3 hits, 0 errors, 1 left on base; Quad Cities 1 - Clinton 0
BOTTOM OF THE 1ST
Clinton LumberKings batting - Pitching for Quad Cities River Bandits : RHP James Browning
Pitching: RHP James Browning
Batting: LHB Israel Montoya 0-0: Ball
1-0: Swinging Strike
1-1: Ball
2-1: Ball
3-1: Foul Ball, location: 2F
3-2: Base on Balls
Batting: LHB Nick McGraw 0-0: Foul Ball, location: 2F
0-1: Foul Ball, location: 2F
0-2: Foul Ball, location: 2F
0-2: Strikes out looking
Israel Montoya steals 2nd, throwing error, E2
Israel Montoya to third
Batting: LHB Sean Trueblood 0-0: Ball
1-0: Foul Ball, location: 2F
1-1: Called Strike
1-2: SINGLE (Groundball, 56D, EV 97.5 MPH)
Israel Montoya scores
Batting: LHB Taki Matsui 0-0: Ball
1-0: Ball
2-0: Foul Ball, location: 2F
2-1: Ball
3-1: Base on Balls
Sean Trueblood to second
Batting: RHB Heitaro Tanaka 0-0: Called Strike
0-1: Foul Ball, location: 2F
0-2: DOUBLE (Line Drive, 78XD, EV 103.8 MPH)
Sean Trueblood scores
Taki Matsui to third
Runner from 3rd tries for Home, SAFE, throw by CF to home
Batting: SHB Brendan Bundy 0-0: Called Strike
0-1: Swinging Strike
0-2: Foul Ball, location: 2F
0-2: Strikes out swinging
Batting: RHB Matt Fenimore 0-0: DOUBLE (Line Drive, 3D, EV 108.8 MPH)
Heitaro Tanaka scores
Batting: RHB David Greene 0-0: Called Strike
0-1: Ball
1-1: SINGLE (Groundball, 6D, EV 106.2 MPH)
Matt Fenimore to third
Runner from 3rd tries for Home, SAFE, throw by CF to home
Batting: LHB Chang Huie 0-0: Called Strike
David Greene steals 2nd base
0-1: Foul Ball, location: 2F
0-2: Strikes out swinging
Bottom of the 1st over - 5 runs, 4 hits, 1 error, 1 left on base; Quad Cities 1 - Clinton 5
TOP OF THE 2ND
Quad Cities River Bandits batting - Pitching for Clinton LumberKings : LHP Andy Mathis
Batting: RHB Cameron Rattenbury 0-0: Ball
1-0: Foul Ball, location: 2F
1-1: Ball
2-1: Called Strike
2-2: Strikes out swinging
Batting: LHB Jose Chavez 0-0: Ball
1-0: Foul Ball, location: 2F
1-1: SOLO HOME RUN (Flyball, 9D, EV 106.9 MPH), Distance : 390 ft
Batting: RHB Yoshitoshi Mori 0-0: Foul Ball, location: 2F
0-1: Ball
1-1: Ball
2-1: Ground out 4-3 (Groundball, 34, EV 88.8 MPH)
Batting: SHB Benoît Morin 0-0: Ball
1-0: Fly out, F9 (Flyball, 89M, EV 88.1 MPH)
Top of the 2nd over - 1 run, 1 hit, 0 errors, 0 left on base; Quad Cities 2 - Clinton 5
BOTTOM OF THE 2ND
Clinton LumberKings batting - Pitching for Quad Cities River Bandits : RHP James Browning
Batting: LHB Israel Montoya 0-0: Called Strike
0-1: Foul Ball, location: 2F
0-2: Foul Ball, location: 2F
0-2: Strikes out looking
Batting: LHB Nick McGraw 0-0: Ball
1-0: Fly out, F3 (Popup, 3SF, EV 79.4 MPH)
Batting: LHB Sean Trueblood 0-0: Ball
1-0: SINGLE (Groundball, 6D, EV 100.6 MPH)
Batting: LHB Taki Matsui 0-0: Fielders Choice at 2nd, 5-6 (Groundball, 6, EV 90.0 MPH)
Bottom of the 2nd over - 0 runs, 1 hit, 0 errors, 1 left on base; Quad Cities 2 - Clinton 5
TOP OF THE 3RD
Quad Cities River Bandits batting - Pitching for Clinton LumberKings : LHP Andy Mathis
Batting: RHB Sean Mounts 0-0: Foul Ball, location: 2F
0-1: Foul Ball, location: 2F
0-2: Foul Ball, location: 2F
0-2: Ball
1-2: SINGLE (Line Drive, 89S, EV 101.2 MPH)
Batting: RHB Omar Amaya 0-0: Ball
1-0: Ball
2-0: Foul Ball, location: 2F
2-1: Swinging Strike
2-2: Fly out, F4 (Popup, 34, EV 63.1 MPH)
Batting: RHB Xavier Castaneda 0-0: Called Strike
0-1: Ball
1-1: Ball
2-1: Foul Ball, location: 2F
2-2: Ground out 6-3 (Groundball, 6D, EV 98.8 MPH)
Sean Mounts to second
Batting: RHB Andrew Pride 0-0: Ball
1-0: Called Strike
1-1: Ball
2-1: Swinging Strike
2-2: Ground out 6-3 (Groundball, 56, EV 96.9 MPH)
Top of the 3rd over - 0 runs, 1 hit, 0 errors, 1 left on base; Quad Cities 2 - Clinton 5
BOTTOM OF THE 3RD
Clinton LumberKings batting - Pitching for Quad Cities River Bandits : RHP James Browning
DELAY Rain delay of 19 minutes in the 3rd inning.
Batting: RHB Heitaro Tanaka 0-0: Foul Ball, location: 2F
0-1: Foul Ball, location: 2F
0-2: Ball
1-2: Ball
2-2: Foul Ball, location: 2F
2-2: Strikes out swinging
Batting: SHB Brendan Bundy 0-0: Called Strike
0-1: Ball
1-1: Ball
2-1: Ball
3-1: Ground out 6-3 (Groundball, 4M, EV 85.0 MPH)
Batting: RHB Matt Fenimore 0-0: Called Strike
0-1: Called Strike
0-2: Foul Ball, location: 2F
0-2: Ball
1-2: Strikes out looking
Bottom of the 3rd over - 0 runs, 0 hits, 0 errors, 0 left on base; Quad Cities 2 - Clinton 5
TOP OF THE 4TH
Quad Cities River Bandits batting - Pitching for Clinton LumberKings : LHP Andy Mathis
Batting: LHB Tomas de Zeeuw 0-0: Called Strike
0-1: SINGLE (Line Drive, 9S, EV 97.5 MPH)
Batting: RHB Cameron Rattenbury 0-0: Ball
1-0: Ball
2-0: Fly out, F8 (Line Drive, 8LM, EV 85.6 MPH)
Batting: LHB Jose Chavez 0-0: Ball
1-0: Called Strike
1-1: Fly out, F9 (Flyball, 9LSF, EV 81.9 MPH)
Batting: RHB Yoshitoshi Mori 0-0: Called Strike
0-1: Fielders Choice at 2nd, 5-4 (Groundball, 56, EV 97.5 MPH)
Top of the 4th over - 0 runs, 1 hit, 0 errors, 1 left on base; Quad Cities 2 - Clinton 5
BOTTOM OF THE 4TH
Clinton LumberKings batting - Pitching for Quad Cities River Bandits : RHP James Browning
Batting: RHB David Greene 0-0: Swinging Strike
0-1: Foul Ball, location: 2F
0-2: Ball
1-2: Strikes out swinging
Batting: LHB Chang Huie 0-0: Ball
1-0: Ground out 5-3 (Groundball, 56, EV 83.8 MPH)
Batting: LHB Israel Montoya 0-0: Foul Ball, location: 2F
0-1: Foul Ball, location: 2F
0-2: SINGLE (Groundball, 13S, EV 68.8 MPH) (infield hit)
Pitching: RHP Kevin Zika
Batting: LHB Nick McGraw 0-0: Called Strike
Israel Montoya is caught stealing 2nd base 2-6
Bottom of the 4th over - 0 runs, 1 hit, 0 errors, 0 left on base; Quad Cities 2 - Clinton 5
TOP OF THE 5TH
Quad Cities River Bandits batting - Pitching for Clinton LumberKings : LHP Andy Mathis
Batting: SHB Benoît Morin 0-0: Called Strike
0-1: Called Strike
0-2: Ball
1-2: Foul Ball, location: 2F
1-2: Ground out 4-3 (Groundball, 4, EV 81.9 MPH)
Batting: RHB Sean Mounts 0-0: Called Strike
0-1: Ground out 1-3 (Groundball, 13S, EV 68.8 MPH)
Batting: RHB Omar Amaya 0-0: Called Strike
0-1: Foul Ball, location: 2F
0-2: Ball
1-2: Fly out, F5 (Popup, 56S, EV 82.5 MPH)
Top of the 5th over - 0 runs, 0 hits, 0 errors, 0 left on base; Quad Cities 2 - Clinton 5
BOTTOM OF THE 5TH
Clinton LumberKings batting - Pitching for Quad Cities River Bandits : RHP Kevin Zika
Batting: LHB Nick McGraw 0-0: Ground out 6-3 (Groundball, 6, EV 88.8 MPH)
Batting: LHB Sean Trueblood 0-0: Called Strike
0-1: Ball
1-1: Ball
2-1: Swinging Strike
2-2: Ball
3-2: Strikes out swinging
Batting: LHB Taki Matsui 0-0: Called Strike
0-1: Swinging Strike
0-2: Foul Ball, location: 2F
0-2: Ball
1-2: Ball
2-2: Foul Ball, location: 2F
2-2: Foul Ball, location: 2F
2-2: Strikes out swinging
Bottom of the 5th over - 0 runs, 0 hits, 0 errors, 0 left on base; Quad Cities 2 - Clinton 5
TOP OF THE 6TH
Quad Cities River Bandits batting - Pitching for Clinton LumberKings : LHP Andy Mathis
Batting: RHB Xavier Castaneda 0-0: Swinging Strike
0-1: Ball
1-1: SINGLE (Groundball, 56D, EV 100.0 MPH)
Batting: RHB Andrew Pride 0-0: Called Strike
Xavier Castaneda steals 2nd base (no throw)
0-1: SINGLE (Groundball, 6D, EV 105.0 MPH)
Xavier Castaneda to third
Runner from 3rd tries for Home, throw by LF and OUT! 7-2
Batting: LHB Tomas de Zeeuw 0-0: Foul Ball, location: 2F
0-1: Fly out, F4 (Flyball, 34D, EV 89.4 MPH)
Batting: RHB Cameron Rattenbury 0-0: Ball
Andrew Pride steals 2nd base
1-0: Ball
2-0: Called Strike
2-1: Reached on error, E5 (Groundball, 56, EV 88.1 MPH)
Andrew Pride to third
Pitching: RHP Jose Lomas
Batting: LHB Jose Chavez 0-0: Ball
1-0: Ball
Passed Ball!
Andrew Pride scores
Cameron Rattenbury to second
2-0: Called Strike
2-1: Ball
3-1: Base on Balls
Batting: RHB Yoshitoshi Mori 0-0: Ball
1-0: Foul Ball, location: 2F
1-1: Foul Ball, location: 2F
1-2: Foul Ball, location: 2F
1-2: Strikes out swinging
Top of the 6th over - 1 run, 2 hits, 1 error, 2 left on base; Quad Cities 3 - Clinton 5
BOTTOM OF THE 6TH
Clinton LumberKings batting - Pitching for Quad Cities River Bandits : RHP Kevin Zika
Batting: RHB Heitaro Tanaka 0-0: Called Strike
0-1: Ball
1-1: Swinging Strike
1-2: Strikes out swinging
Batting: SHB Brendan Bundy 0-0: Ball
1-0: Called Strike
1-1: Fly out, F8 (Flyball, 8RD, EV 91.2 MPH)
Batting: RHB Matt Fenimore 0-0: Called Strike
0-1: Ground out 6-3 (Groundball, 6, EV 104.4 MPH)
Bottom of the 6th over - 0 runs, 0 hits, 0 errors, 0 left on base; Quad Cities 3 - Clinton 5
TOP OF THE 7TH
Quad Cities River Bandits batting - Pitching for Clinton LumberKings : RHP Jose Lomas
Batting: SHB Benoît Morin 0-0: Called Strike
0-1: Ground out 6-3 (Groundball, 6, EV 94.4 MPH)
Batting: RHB Sean Mounts 0-0: Foul Ball, location: 2F
0-1: Ball
1-1: Ball
2-1: Foul Ball, location: 2F
2-2: Fly out, F9 (Line Drive, 89M, EV 95.6 MPH)
Batting: RHB Omar Amaya 0-0: Ball
1-0: Ball
2-0: Called Strike
2-1: Ball
3-1: Base on Balls
Batting: RHB Xavier Castaneda 0-0: Ball
Omar Amaya steals 2nd base
1-0: Swinging Strike
1-1: Ball
2-1: Ball
3-1: Ground out 6-3 (Groundball, 6M, EV 90.6 MPH)
Top of the 7th over - 0 runs, 0 hits, 0 errors, 1 left on base; Quad Cities 3 - Clinton 5
BOTTOM OF THE 7TH
Clinton LumberKings batting - Pitching for Quad Cities River Bandits : RHP Kevin Zika
Pitching: RHP Jose Herrera
Batting: RHB David Greene 0-0: Ball
1-0: Ball
2-0: Fly out, F9 (Flyball, 89M, EV 89.4 MPH)
Batting: LHB Chang Huie 0-0: Ball
1-0: Foul Ball, location: 2F
1-1: Called Strike
1-2: Ball
2-2: Foul Ball, location: 2F
2-2: Ball
3-2: Base on Balls
Batting: LHB Israel Montoya 0-0: Ball
Chang Huie steals 2nd base
1-0: Called Strike
1-1: DOUBLE (Line Drive, 78M, EV 101.2 MPH)
Chang Huie scores
Batting: LHB Nick McGraw 0-0: Foul Ball, location: 2F
0-1: 2-RUN HOME RUN (Flyball, 89XD, EV 115.6 MPH), Distance : 445 ft
Batting: LHB Sean Trueblood 0-0: Ball
1-0: Ball
2-0: Foul Ball, location: 2F
2-1: Ball
3-1: Base on Balls
Pitching: RHP Chance Robinson
Batting: LHB Taki Matsui 0-0: Grounds into double play, 4-6-3 (Groundball, 34D, EV 81.9 MPH)
Bottom of the 7th over - 3 runs, 2 hits, 0 errors, 0 left on base; Quad Cities 3 - Clinton 8
TOP OF THE 8TH
Quad Cities River Bandits batting - Pitching for Clinton LumberKings : RHP Jose Lomas
Batting: RHB Andrew Pride 0-0: Foul Ball, location: 2F
0-1: Ball
1-1: Fly out, F7 (Flyball, 7D, EV 102.5 MPH)
Batting: LHB Tomas de Zeeuw 0-0: Foul Ball, location: 2F
0-1: Ball
1-1: Swinging Strike
1-2: Foul Ball, location: 2F
1-2: Ground out 5-3 (Groundball, 5, EV 103.1 MPH)
Batting: RHB Cameron Rattenbury 0-0: Ball
1-0: Swinging Strike
1-1: Swinging Strike
1-2: Strikes out swinging
Top of the 8th over - 0 runs, 0 hits, 0 errors, 0 left on base; Quad Cities 3 - Clinton 8
BOTTOM OF THE 8TH
Clinton LumberKings batting - Pitching for Quad Cities River Bandits : RHP Chance Robinson
Batting: RHB Heitaro Tanaka 0-0: Called Strike
0-1: SOLO HOME RUN (Flyball, 7D, EV 103.8 MPH), Distance : 394 ft
Batting: SHB Brendan Bundy 0-0: Swinging Strike
0-1: SOLO HOME RUN (Flyball, 9D, EV 98.8 MPH), Distance : 383 ft
Batting: RHB Matt Fenimore 0-0: Ball
1-0: Foul Ball, location: 2F
1-1: Ball
2-1: Called Strike
2-2: Reached on error, E5 (Groundball, 5, EV 96.9 MPH)
Batting: RHB David Greene 0-0: Called Strike
0-1: Ball
1-1: Foul Ball, location: 2F
1-2: DOUBLE (Line Drive, 78D, EV 100.0 MPH)
Matt Fenimore to third
Batting: LHB Chang Huie 0-0: Ball
1-0: Called Strike
1-1: Foul Ball, location: 2F
1-2: Ball
2-2: SINGLE (Groundball, 15S, EV 69.4 MPH) (infield hit)
Pitching: RHP Brian Trejo
Pinch Hitting: RHB Nick Edmunds 0-0: Fly out, F8 (Flyball, 78M, EV 91.2 MPH)
Batting: LHB Nick McGraw 0-0: Called Strike
0-1: Foul Ball, location: 2F
0-2: Ball
1-2: Fielders Choice at 2nd, 4-6 (Groundball, 4, EV 87.5 MPH)
Matt Fenimore scores
David Greene to third
Batting: LHB Sean Trueblood 0-0: Ball
1-0: Ball
2-0: Ball
3-0: Base on Balls
Nick McGraw to second
Batting: LHB Taki Matsui 0-0: Foul Ball, location: 2F
0-1: Ball
1-1: Foul Ball, location: 2F
1-2: Ball
2-2: Ball
3-2: Fly out, F7 (Flyball, 7LM, EV 90.0 MPH)
Bottom of the 8th over - 3 runs, 4 hits, 1 error, 3 left on base; Quad Cities 3 - Clinton 11
TOP OF THE 9TH
Quad Cities River Bandits batting - Pitching for Clinton LumberKings : RHP Jose Lomas
Now in RF: Nick Edmunds
Batting: LHB Jose Chavez 0-0: Ball
1-0: Ball
2-0: Fly out, F8 (Flyball, 8RD, EV 93.1 MPH)
Batting: RHB Yoshitoshi Mori 0-0: Ball
1-0: Foul Ball, location: 2F
1-1: Swinging Strike
1-2: Foul Ball, location: 2F
1-2: Strikes out swinging, 2-3 out at first.
Batting: SHB Benoît Morin 0-0: Called Strike
0-1: Swinging Strike
0-2: Ball
1-2: Foul Ball, location: 2F
1-2: Foul Ball, location: 2F
1-2: Foul Ball, location: 2F
1-2: Ground out 4-3 (Groundball, 4, EV 85.6 MPH)
Top of the 9th over - 0 runs, 0 hits, 0 errors, 0 left on base; Quad Cities 3 - Clinton 11
Sunday, July 16th , 2023 - OOTP Baseball 24.6 Build 69